 Dungeon Crawl Stone Soup version 0.26-a0-712-ga5a9c9c9d0 (webtiles) character file.

Game seed: 6007878190289053553

44 Azzok the Chopper (level 3, -6/29 HPs)
             Began as a Demonspawn Berserker on Nov 5, 2020.
             Was a Believer of Trog.
             Mangled by Sigmund
             ... wielding a +0 scythe
              (8 damage)
             ... on level 2 of the Dungeon.
             The game lasted 00:01:39 (760 turns).

Azzok the Chopper (Demonspawn Berserker)             Turns: 760, Time: 00:01:39

Health: -6/29      AC:  7    Str: 18    XL:     3   Next: 39%
Magic:  3/3        EV: 11    Int:  8    God:    Trog [**....]
Gold:   60         SH:  0    Dex: 12    Spells: 2/2 levels left

rFire    . . .     SeeInvis .   a - +0 hand axe
rCold    . . .     Faith    .   (no shield)
rNeg     . . .     Spirit   .   d - +0 ring mail
rPois    .         Reflect  .   (no helmet)
rElec    .         Harm     .   (no cloak)
rCorr    .         Rampage  .   c - +0 pair of gloves
MR       .....                  e - +0 pair of boots
Stlth    ..........             (no amulet)
HPRegen  0.09/turn              (no ring)
MPRegen  0.08/turn              (no ring)

@: confused, berserk cooldown, slowed, very slow
A: talons 1
a: Berserk, Trog's Hand, Renounce Religion


You were on level 2 of the Dungeon.
You worshipped Trog.
Trog was pleased with you.
You visited 1 branch of the dungeon, and saw 2 of its levels.

You collected 60 gold pieces.

Inventory:

Hand Weapons
 a - a +0 hand axe (weapon)
Armour
 c - a +0 pair of gloves (worn)
 d - a +0 ring mail (worn)
 e - a +0 pair of boots (worn)
Scrolls
 b - a scroll of identify {unknown}
 f - a scroll of teleportation {unknown}
Potions
 g - a potion of lignification {unknown}


   Skills:
 - Level 3.0 Fighting
 + Level 4.1 Axes
 - Level 1.7 Armour
 - Level 1.7 Dodging


You had 2 spell levels left.
You didn't know any spells.
Your spell library was empty.

Dungeon Overview and Level Annotations

Branches:
Dungeon (2/15)

Altars:

Annotations:
D:2 Sigmund


Innate Abilities, Weirdness & Mutations

You have sharp toenails.


Message History

You closely miss something. You closely miss something. Something hits you.
* * * LOW HITPOINT WARNING * * *
Your ring mail prevents you from hitting something.
You barely miss something.
You hear some strange, mumbled words.
You are confused.
You're too confused to move!
Something hits you.
* * * LOW HITPOINT WARNING * * *
You bump into the rock wall.
You feel a strong urge to attack something.
You are no longer berserk.
You are exhausted.
You feel yourself slow down.
You completely miss something. Something hits you.
* * * LOW HITPOINT WARNING * * *
You closely miss something.
An adder comes into view.
Something hits you!
You die...

··▒ ··▒ ▒·▒ ▒·▒ ▒·▒ ·
▒·▒
····▒▒▒▒▒·▒▒▒▒▒▒▒▒▒▒▒▒
······{@··············
S···▒▒▒▒▒·▒▒▒▒··▒▒▒▒▒▒
▒ ···▒·····▒▒···
▒▒▒▒▒··))·▒▒·▒▒▒
··············<·
····▒▒▒▒··▒▒·▒·▒
··········▒▒·▒
····▒▒▒▒·▒▒▒·▒▒▒▒▒
▒··········


You could see an adder (wandering).

Vanquished Creatures
  3 oozes (D:1)
  A dart slug (D:1)
  5 bats (D:1)
  2 giant cockroaches (D:1)
  3 goblins (D:1)
  5 hobgoblins
  A ball python (D:1)
  A frilled lizard (D:1)
  4 kobolds
  3 rats (D:1)
28 creatures vanquished.

Notes
Turn   | Place    | Note
-------+----------+-------------------------------------------
     0 | D:1      | Azzok the Demonspawn Berserker began the quest for the Orb.
     0 | D:1      | Reached XP level 1. HP: 18/18 MP: 1/1
   129 | D:1      | Reached skill level 3 in Axes
   137 | D:1      | Gained mutation: You have sharp toenails. [demonic
                  | ancestry]
   137 | D:1      | Reached XP level 2. HP: 24/24 MP: 2/2
   267 | D:1      | Reached XP level 3. HP: 29/29 MP: 3/3
   589 | D:1      | Reached ** piety under Trog
   589 | D:1      | Reached skill level 4 in Axes
   737 | D:2      | Noticed Sigmund
   760 | D:2      | Mangled by Sigmund

Illustrated notes

Levels and vault maps discovered:
D:1:      minmay_arrival_four_houses, layout_basic, minmay_tetromino_t4
D:2:      layout_basic, xom_teletrap_fun, okawaru_gym_becter, uniq_sigmund

Skill      XL: |  1  2  3 |
---------------+----------+-----
Axes           | 3 4 |  4.1
Fighting       | |  3.0
Armour         | |  1.7
Dodging        | |  1.7

Action                   || total
-------------------------++-------
Melee: Hand axe          ||    84
       Kick              ||     7
Invok: Berserk           ||     1
Armor: Ring mail         ||    31
Dodge: Dodged            ||    52

Table legend: (Time is in decaauts)
 A = Elapsed time spent in this place.
 B = Non-inter-level travel time spent in this place.
 C = Inter-level travel time spent in this place.
 D = Time resting spent in this place.
 E = Time spent auto-exploring this place.
 F = Levels seen in this place.
 G = Mean time per level.
                   A        B        C        D        E       F      G
               +--------+--------+--------+--------+--------+-----+--------+
         Total |    764 |    735 |     29 |      0 |    502 |   2 |  382.0 |
       Dungeon |    764 |    735 |     29 |      0 |    502 |   2 |  382.0 |
               +--------+--------+--------+--------+--------+-----+--------+

Top non-repeatable levels by time:
     D:1: 696 daAuts
     D:2: 67 daAuts
